 Dungeon Crawl Stone Soup version 0.17-a0-2093-gc772f4b (webtiles) character file.

139 Morbidden the Insei (level 5, -6/45 HPs)
             Began as a Draconian Monk on Oct 17, 2015.
             Killed from afar by Natasha (10 damage)
             ... with a wand of frost
             ... on level 2 of the Dungeon.
             The game lasted 00:05:50 (1580 turns).

Morbidden the Insei (Draconian Monk)                Turns: 1580, Time: 00:05:50

Health: -6/45      AC:  5    Str: 13    XL:     5   Next: 1%
Magic:  5/5        EV: 13    Int: 11    God:
Gold:   114        SH:  0    Dex: 14    Spells: 0 memorised, 4 levels left

rFire  . . .     SeeInvis .       - Unarmed
rCold  . . .     Clarity  .     (armour unavailable)
rNeg   . . .     SustAt   .     (no shield)
rPois  .         Gourm    .     (helmet restricted)
rElec  .         Spirit   .     (no cloak)
rCorr  .         Warding  .     (no gloves)
rMut   .         Stasis   .     (no boots)
MR     .....                    (no amulet)
Stlth  ++........               (no ring)
                                (no ring)

@: hasted, very quick, not resistant to hostile enchantments, unstealthy
A: unfitting armour, cold-blooded, AC +5
a: no special abilities


You were on level 2 of the Dungeon.
You were not hungry.

You visited 1 branch of the dungeon, and saw 2 of its levels.

You collected 114 gold pieces.

Inventory:

Scrolls
 b - a scroll of recharging {unknown}
 c - a scroll of identify {unknown}
 e - a scroll of amnesia {unknown}
 l - a scroll of magic mapping {unknown}
 m - a scroll of teleportation {unknown}
Potions
 d - a potion of flight {unknown}
 h - a potion of lignification
 i - a potion of mutation {unknown}
 k - a potion of haste
Comestibles
 a - a bread ration
 f - a royal jelly
 g - 2 meat rations
 j - 8 chunks of flesh


   Skills:
 + Level 3.3 Fighting
 + Level 2.6 Dodging
 - Level 1.7 Stealth
 * Level 6.3 Unarmed Combat


You had 4 spell levels left.
You didn't know any spells.

Dungeon Overview and Level Annotations

Branches:
Dungeon (2/15)

Altars:
Makhleb
Zin

Annotations:
D:2 Natasha


Innate Abilities, Weirdness & Mutations

Your plain brown scales are hard (AC +5).
Your body does not fit into most forms of armour.
You are cold-blooded and may be slowed by cold attacks.


Message History

You closely miss Natasha.
Your tail-slap misses Natasha.
Natasha stares at you and mumbles some strange words.
You resist with some effort.
You barely miss Natasha. Natasha casts a spell at you.
You resist with some effort.
You hit Natasha.
Natasha is severely wounded.
You hit Natasha but do no damage.
You tail-slap Natasha, but do no damage.
Natasha is severely wounded.
Natasha zaps a wand.
The puff of frost hits you!
* * * LOW HITPOINT WARNING * * *
You barely miss Natasha.
Natasha is severely wounded.
Natasha zaps a wand.
The puff of frost hits you!
* * * LOW HITPOINT WARNING * * *
It was a potion of haste.
You feel yourself speed up.
Natasha zaps a wand.
The puff of frost hits you!
You die...

####.#### ##....#
#.....# #...8.#
#.....# #.8...#
#.....# #...8.#
####.....# #(8...#
.........# #...8$#
###.#.##.####.8...#
......†.........8.#
###.#.......#.8.@.#
...#....##.#...8h#
###.#..#.##
#.8..... #....).#
.....8..%#
###.##.##...%...#.#
#.##.##.#######..
#....)..# #. ##
####.#### ..
.#######.# #..


You could see Natasha.

Vanquished Creatures
  Natasha (twice) (D:2)
  Robin (D:2)
  A gnoll (D:1)
  3 oozes
  2 worms (D:2)
  A giant gecko (D:2)
  3 orcs (D:2)
  A ball python (D:2)
  16 goblins
  15 hobgoblins
  4 bats
  2 giant newts
  4 kobolds
  8 rats
63 creatures vanquished.

Notes
Turn   | Place    | Note
--------------------------------------------------------------
     0 | D:1      | Morbidden the Draconian Monk began the quest for the Orb.
     0 | D:1      | Reached XP level 1. HP: 19/19 MP: 1/1
   102 | D:1      | Reached XP level 2. HP: 26/26 MP: 2/2
   756 | D:1      | Reached skill level 5 in Unarmed Combat
   756 | D:1      | Reached XP level 3. HP: 20/31 MP: 3/3
   804 | D:2      | Noticed Natasha
   819 | D:2      | Noticed Robin
   823 | D:2      | Killed Robin
   834 | D:2      | Killed Natasha
   834 | D:2      | Reached XP level 4. HP: 24/38 MP: 4/4
  1107 | D:2      | Found a burning altar of Makhleb.
  1107 | D:2      | Noticed a green death
  1111 | D:2      | Found a glowing silver altar of Zin.
  1111 | D:2      | Noticed an angel
  1151 | D:2      | Reached skill level 6 in Unarmed Combat
  1529 | D:2      | Noticed Natasha
  1538 | D:2      | Killed Natasha
  1538 | D:2      | Reached XP level 5. HP: 18/45 MP: 5/5
  1568 | D:2      | Noticed Natasha
  1580 | D:2      | Killed from afar by Natasha

Vault maps used:
D:1:      minmay_arrival_arboretum_small
D:2:      grunt_temple_overflow_order_and_chaos_2, first_bread,
          minmay_misc_feat_pillars, guppyfry_early_orc_mine, uniq_natasha,
          uniq_robin

Action                   |  1- 3 |  4- 6 || total
-------------------------+-------+-------++-------
Melee: Unarmed           |    86 |   106 ||   192
  Use: Potion            |     1 |     1 ||     2
 Stab: Sleeping          |     7 |     2 ||     9
  Eat: Chunk             |       |     2 ||     2
